 Dungeon Crawl Stone Soup version 0.16.1-11-g651b585 (webtiles) character file.

793 vatarom the Changer (level 7, -2/51 HPs)
             Began as an Octopode Transmuter on Apr 4, 2015.
             Was a Follower of Makhleb.
             Slain by an ogre
             ... wielding a +0 giant spiked club
              (12 damage)
             ... on level 5 of the Dungeon.
             The game lasted 00:12:16 (5791 turns).

vatarom the Changer (Octopode Transmuter)           Turns: 5791, Time: 00:12:17

Health: -2/51      AC:  5    Str:  9      XL:     7   Next: 88%
Magic:  4/12       EV: 11    Int: 19 (20) God:    Makhleb [*.....]
Gold:   230        SH:  0    Dex: 13 (14) Spells: 3 memorised, 3 levels left

rFire  x . .     SeeInvis +       - Unarmed
rCold  + + +     Clarity  .     o - melded +0 buckler
rNeg   . . .     SustAb   .     (helmet currently unavailable)
rPois  +         Gourm    .     (no amulet)
rElec  .         Spirit   .     c - ring of see invisible
rCorr  .         Warding  .     j - +4 ring of intelligence
rMut   .         Stasis   .     k - ring of wizardry
MR     .....                    (no ring)
Stlth  ++........               (no ring)
                                (no ring)
                                (no ring)
                                (no ring)

@: ice-form, very slightly contaminated, not resistant to hostile enchantments,
unstealthy
A: almost no armour, amphibious, 8 rings, (constrict 8), (camouflage 0),
deterioration 1, frail 1, (gelatinous body 0), MP-powered wands 1
a: End Transformation, Renounce Religion


You were on level 5 of the Dungeon.
You worshipped Makhleb.
Makhleb was aware of your devotion.
You were hungry.
You were a creature of crystalline ice.
You visited 2 branches of the dungeon, and saw 6 of its levels.

You collected 230 gold pieces.

Inventory:

Missiles
 b - 34 arrows
 l - 17 arrows of flame
Armour
 o - a +0 buckler (melded)
Jewellery
 c - a ring of see invisible (left front paw)
 j - a +4 ring of intelligence (right front paw)
 k - a ring of wizardry (on tentacle)
Scrolls
 e - 3 scrolls of teleportation
 h - 7 scrolls of identify
 i - 4 scrolls of remove curse
Potions
 a - a potion of brilliance
 n - a potion of flight
 p - a potion of curing
 q - a potion of might
 r - a potion of magic {unknown}
Books
 d - a book of Changes

   Spells                             Type                      Level
   a - Beastly Appendage              Transmutation                1
   b - Sticks to Snakes               Transmutation                2
   c - Spider Form                    Transmutation/Poison         3
   d - Ice Form                       Ice/Transmutation            4
   e - Blade Hands                    Transmutation                5
Comestibles
 f - a slice of pizza
 g - a beef jerky
 m - 4 meat rations


   Skills:
 + Level 4.2 Fighting
 - Level 3.5 Dodging
 - Level 3.8 Stealth
 + Level 4.6 Unarmed Combat
 + Level 2.5 Spellcasting
 - Level 4.6 Transmutations
 - Level 1.0 Ice Magic


You had 3 spell levels left.
You knew the following spells:

 Your Spells              Type           Power        Failure   Level  Hunger
a - Beastly Appendage     Trmt           ###...       1%          1    #......
b - Spider Form           Trmt/Pois      ##........   9%          3    ###....
c - Ice Form              Ice/Trmt       ##......     32%         4    #####..


Dungeon Overview and Level Annotations

Branches:
Dungeon (5/15)             Temple (1/1) D:4

Altars:
Ashenzari
Cheibriados
Dithmenos
Elyvilon
Gozag
Kikubaaqudgha
Makhleb
Nemelex Xobeh
Qazlal
Yredelemnul
Zin
The Shining One


Innate Abilities, Weirdness & Mutations

You cannot wear most types of armour.
You are amphibious.
You can wear up to eight rings at the same time.
((You can use your tentacles to constrict many enemies at once.))
((Your skin changes colour to match your surroundings (Stealth).))
((Your rubbery body absorbs attacks (AC +1).))
Your body is slowly deteriorating.
You are frail (-10% HP).
You expend magic power (3 MP) to slightly strengthen your wands.


Message History

The sentinel's mark upon you fades away.
You start resting.
You are feeling hungry.
You start resting.
An ogre comes into view. It is wielding a giant spiked club.
Eat which item? (? for menu, Esc to quit)
Okay, then.
Casting: Ice Form
Confirm with . or Enter, or press ? or * to list all spells.
The spell is very dangerous to cast!
Continue anyway?
You turn into a creature of crystalline ice.
Your +0 buckler melds into your body.
The ogre shouts!
A rat comes into view.
The ogre hits you with a giant spiked club!!
* * * LOW HITPOINT WARNING * * *
You punch the ogre! You freeze the ogre.
The ogre is heavily wounded.
The ogre hits you with a giant spiked club!
You die...

...###.# #.#
#.# .......#
#.# ##.#
##.#####
#.####..###.
#.#
#..<.......#
#.#
######...###
##.#########
#.##
...........#
#r#
.#########.#
#.# .# #.#
#Y# .#
#.#####O# .#
#.......# .#
######### .#
.# .# .# ##


You could see an ogre and a rat.

Vanquished Creatures
  An ogre (D:4)
  A giant frog (D:5)
  A scorpion (D:4)
  The ghost of vatarom the Insei, a weakling OpTm (D:3)
  3 hounds
  An iguana (D:4)
  A centaur skeleton (D:4)
  An orc priest (D:3)
  3 worker ants
  2 orc wizards
  2 hound skeletons (D:4)
  A worker ant zombie (D:5)
  Robin (D:3)
  5 adders
  6 worms
  A giant mite (D:2)
  5 giant geckos
  An ooze (D:2)
  15 orcs
  A ball python (D:2)
  5 giant cockroaches
  7 hobgoblins
  7 jackals
  3 quokkas (D:3)
  11 bats
  A giant gecko skeleton (D:4)
  5 giant newts
  21 goblins
  7 kobolds
  6 rats
126 creatures vanquished.

Notes
Turn   | Place    | Note
--------------------------------------------------------------
     0 | D:1      | vatarom, the Octopode Transmuter, began the quest for the Orb.
     0 | D:1      | Reached XP level 1. HP: 13/13 MP: 3/3
    63 | D:1      | Reached skill level 1 in Stealth
   209 | D:1      | Reached XP level 2. HP: 12/18 MP: 4/4
   899 | D:1      | Reached XP level 3. HP: 12/23 MP: 6/6
  1090 | D:2      | Learned a level 3 spell: Spider Form
  1498 | D:2      | Reached XP level 4. HP: 28/28 MP: 7/7
  1945 | D:3      | HP: 1/29 [poisoned by an adder]
  2374 | D:3      | Noticed vatarom's ghost (weakling OpTm)
  2391 | D:3      | Killed vatarom's ghost
  2393 | D:3      | Reached XP level 5. HP: 24/34 MP: 6/9
  2405 | D:3      | Learned a level 4 spell: Ice Form
  3117 | D:3      | Noticed Robin
  3154 | D:3      | Killed Robin
  3154 | D:3      | Reached skill level 1 in Ice Magic
  3384 | D:3      | Reached XP level 6. HP: 10/41 MP: 1/10
  4127 | D:4      | Reached skill level 4 in Transmutations
  4230 | D:4      | Found a staircase to the Ecumenical Temple.
  4238 | Temple   | Entered the Ecumenical Temple
  4378 | Temple   | Became a worshipper of Makhleb the Destroyer
  4411 | D:4      | Reached XP level 7. HP: 42/46 MP: 12/12
  5014 | D:4      | Acquired Makhleb's first power
  5086 | D:4      | Gained mutation: Your body is slowly deteriorating. [potion of mutation]
  5086 | D:4      | Gained mutation: You are frail (-10% HP). [potion of mutation]
  5087 | D:4      | Gained mutation: You expend magic power (3 MP) to slightly strengthen your wands. [potion of mutation]
  5381 | D:5      | Entered Level 5 of the Dungeon
  5791 | D:5      | Slain by an ogre

Action                   |  1- 3 |  4- 6 |  7- 9 || total
-------------------------+-------+-------+-------++-------
Melee: Unarmed           |    85 |   176 |    94 ||   355
 Cast: Beastly Appendage |    10 |     3 |     1 ||    14
       Spider Form       |     1 |     5 |       ||     6
       Ice Form          |       |     4 |     3 ||     7
 Abil: End Transformatio |       |     1 |       ||     1
  Use: Scroll            |     5 |     4 |     4 ||    13
       Potion            |     3 |     1 |     5 ||     9
 Stab: Sleeping          |     7 |    13 |     4 ||    24
       Distracted        |       |     2 |       ||     2
  Eat: Bread ration      |     1 |     2 |     1 ||     4
       Chunk             |       |     1 |       ||     1
